 Dungeon Crawl Stone Soup version 0.31-a0-150-g89dc3ad700 (webtiles) character file.

Game seed: 10007165384084720292

378 iguanaiguana the Sneak (level 6, -3/36 HPs)
             Began as a Deep Elf Delver on June 9, 2023.
             Slain by a sky beast (5 damage)
             ... on level 6 of the Dungeon.
             The game lasted 00:15:05 (5047 turns).

iguanaiguana the Sneak (Deep Elf Delver)            Turns: 5047, Time: 00:15:06

Health: -3/36      AC:  4    Str:  9    XL:     6   Next: 45%
Magic:  1/14       EV: 17    Int: 17    God:
Gold:   201        SH:  0    Dex: 16    Spells: 10/13 levels left

rFire   . . .        r - +1 whip (elec)
rCold   . . .        (no shield)
rNeg    . . .        b - +1 leather armour
rPois   .            (helmet restricted)
rElec   .            (no cloak)
rCorr   +            (no gloves)
SInv    .            (no boots)
Will    .....        (no amulet)
Stlth   +++          h - ring of resist corrosion
HPRegen 0.26/turn    m - +5 ring of evasion
MPRegen 0.14/turn

%: no passive effects
@: very slightly contaminated
A: antennae 1, wild magic 1, MP-powered wands
a: no special abilities


You were on level 6 of the Dungeon.
You visited 1 branch of the dungeon, and saw 6 of its levels.

You collected 201 gold pieces.

Inventory:

Hand Weapons
 a - a +0 spectral short sword
 r - a +1 whip of electrocution (weapon)
Missiles
 e - 6 boomerangs
 k - 4 javelins
Armour
 b - a +1 leather armour (worn)
Jewellery
 h - a ring of resist corrosion (left hand)
 m - a +5 ring of evasion (right hand)
Wands
 g - a wand of digging (2) {@v3}
Scrolls
 c - a scroll of fog
 i - a scroll of enchant armour
 j - a scroll of vulnerability
 n - a scroll of noise
 o - 2 scrolls of teleportation {@r3}
 p - a scroll of amnesia
 q - a scroll of blinking {@r4}
 s - a scroll of fear
Potions
 f - a potion of might {@q3}


   Skills:
 - Level 2.4 Fighting
 - Level 2.0 Short Blades
 - Level 2.4 Dodging
 - Level 6.0 Stealth
 - Level 4.0 Spellcasting
 - Level 4.0 Conjurations
 + Level 2.7 Air Magic
 + Level 3.0 Poison Magic


You had 10 spell levels left.
You knew the following spells:

 Your Spells              Type           Power      Damage    Failure   Level
a - Magic Dart            Conj           88%        1d7       7%          1
b - Poisonous Vapours     Pois/Air       34%        N/A       14%         2

Your spell library contained the following spells:

 Spells                   Type           Power      Damage    Failure   Level
 Mephitic Cloud           Conj/Pois/Air  18%        N/A       24%         3
 Call Imp                 Summ           8%         N/A       41%         2
 Ensorcelled Hibernation  Hex/Ice        8%         N/A       41%         2
 Spider Form              Tmut/Pois      11%        N/A       43%         3
 Vhi's Electric Charge    Tloc/Air       20%        N/A       45%         3
 Arcjolt                  Conj/Air       9%         1d19      88%         5
 Anguish                  Hex/Necr       2%         N/A       95%         4
 Freezing Cloud           Conj/Ice/Air   7%         6-21      96%         5
 Maxwell's Capacitive Co  Air            8%         ∞         100%        8


Dungeon Overview and Level Annotations

Branches:
Dungeon (6/15) Zot: 22130
 Temple: D:4-7

Altars:
Nemelex Xobeh
Okawaru
Qazlal

Annotations:
D:4 Edmund, Menkaure
D:5 exclusions: door and ogre


Innate Abilities, Weirdness & Mutations

You have a pair of small antennae on your head.
Your spells are a little harder to cast, but a little more powerful.
You expend magic power (3 MP) to strengthen your wands.


Message History

Press: ? - help, Q - select action, (/) - cycle Dir - move target, f/p - sky beast
Aim: a sky beast (heavily wounded, poisoned)
You miscast Poisonous Vapours.
Nothing appears to happen.
The sky beast hits you. The sky beast shocks you.
Aiming: Poisonous Vapours (safe; 14% risk of failure)
Press: ? - help, Q - select action, (/) - cycle Dir - move target, f/p - sky beast
Aim: a sky beast (heavily wounded, poisoned) Poisonous vapours surround the sky beast!
The sky beast looks even sicker.
The sky beast flickers out of sight!
Deactivating autopickup; reactivate with Ctrl-A.
Something hits you. Something shocks you.
Okay, then.
You feel better. Something hits you. Something shocks you.
* * * LOW HITPOINT WARNING * * *
You feel better.
Okay, then.
Throw: dart (curare)
Press: ? - help, Shift-Dir - straight line You throw a curare-tipped dart.
Something hits you. Something shocks you.
* * * LOW HITPOINT WARNING * * *
Throw: 6 javelins
Press: ? - help, Shift-Dir - straight line You throw a javelin.
Something hits you.
* * * LOW HITPOINT WARNING * * *
Something shocks you.
* * * LOW HITPOINT WARNING * * *
Throw: 5 javelins
Press: ? - help, Shift-Dir - straight line You throw a javelin.
Something hits you.
* * * LOW HITPOINT WARNING * * *
Something shocks you.
* * * LOW HITPOINT WARNING * * *
Something hits you.
* * * LOW HITPOINT WARNING * * *
Something shocks you.
You die...

**
*#..............#***,**,*
* #...........#*** *,,,,*
#...........# *,****
#######..#### ***,* ##..#
**,,,* ##)######K.#**
#.#......#* ####.#.######
#....@{.)..(#
#.##.#.####.#
#,*#...#..#.#
#.##...#...{#
#:..>#.##...#
####.#...##.# #.###.##.#
#.#<.....# #.##.#####


There were no monsters in sight!

Vanquished Creatures
  A kobold brigand (D:6)
  A bullfrog (D:6)
  A jelly (D:3)
  An iguana (D:5)
  Robin (D:3)
  6 adders
  2 worms
  3 dart slugs
  11 orcs
  8 bats
  6 endoplasms
  5 giant cockroaches
  11 goblins
  10 hobgoblins
  7 jackals (D:3)
  3 quokkas
  4 ball pythons
  2 frilled lizards
  6 kobolds
  6 rats
95 creatures vanquished.

Notes
Turn   | Place    | Note
-------+----------+-------------------------------------------
     0 | D:5      | iguanaiguana the Deep Elf Delver began the quest for the
                  | Orb.
     0 | D:5      | Reached XP level 1. HP: 13/13 MP: 3/3
    72 | D:5      | Noticed an ogre
   230 | D:1      | Reached skill level 1 in Conjurations
   282 | D:1      | Reached XP level 2. HP: 17/18 MP: 4/4
   905 | D:1      | Learned a level 1 spell: Magic Dart
  1005 | D:2      | Reached XP level 3. HP: 22/22 MP: 1/5
  1163 | D:2      | Reached skill level 1 in Spellcasting
  2145 | D:3      | Reached XP level 4. HP: 27/27 MP: 2/7
  2205 | D:3      | Found a faded altar of an unknown god.
  2552 | D:3      | Identified the +0 helmet of Indemnity {Harm +Inv}
  2552 | D:3      | Noticed Robin
  2563 | D:3      | Gained mutation: You expend magic power (3 MP) to
                  | strengthen your wands. [potion of mutation]
  2563 | D:3      | Gained mutation: Your spells are a little harder to cast,
                  | but a little more powerful. [potion of mutation]
  2563 | D:3      | Gained mutation: You have a pair of small antennae on your
                  | head. [potion of mutation]
  2573 | D:3      | Killed Robin
  2889 | D:3      | HP: 1/27 [acid (8)]
  3024 | D:3      | Reached XP level 5. HP: 31/31 MP: 9/12
  3490 | D:4      | Noticed Edmund
  3702 | D:4      | Noticed Menkaure
  4026 | D:4      | Reached skill level 1 in Air Magic
  4026 | D:4      | Reached skill level 1 in Poison Magic
  4029 | D:4      | Learned a level 2 spell: Poisonous Vapours
  4303 | D:4      | Found an iron altar of Okawaru.
  4640 | D:5      | Found a sparkling altar of Nemelex Xobeh.
  4659 | D:5      | Noticed a yak
  4706 | D:5      | Noticed a yak
  4790 | D:6      | Reached XP level 6. HP: 11/36 MP: 4/14
  5000 | D:6      | Found a stormy altar of Qazlal.
  5000 | D:6      | Noticed a sky beast
  5047 | D:6      | Slain by a sky beast

Illustrated notes

Levels and vault maps discovered:
D:1:      mrwooster_arrival_statue_3, layout_loops_cross
D:2:      layout_basic, minmay_pentomino_z4
D:3:      layout_basic, ebering_ecumenical_altar_box, uniq_robin
D:4:      layout_basic, gammafunk_temple_overflow_wave,
          mainiacjoe_overflow_alcove_4, uniq_menkaure, uniq_edmund
D:5:      minmay_clustersquares, layout_loops_cross, lemuel_crystal_altar,
          serial_shops, nicolae_shop_real_fake_doors,
          chequers_serial_rivers_marsh, minmay_diced_spiral
D:6:      layout_basic, nicolae_vehumet_altar_sigil, lemuel_tele_altar,
          nicolae_qazlal_beasts_of_the_sky, trog_book,
          gammafunk_temple_overflow_claw, minmay_ogre_servants

Skill      XL: |  1  2  3  4  5  6 |
---------------+-------------------+-----
Conjurations   | 1 3 4 |  4.0
Spellcasting   | 1 3 4 |  4.0
Air Magic      | 2 |  2.7
Poison Magic   | 2 3 |  3.0
Fighting       | |  2.4
Short Blades   | |  2.0
Dodging        | |  2.4
Stealth        | |  6.0

Action                     |  1- 3 |  4- 6 || total
---------------------------+-------+-------++-------
  Melee: Short sword       |   129 |    25 ||   154
         Punch             |     4 |       ||     4
         Unarmed           |     5 |       ||     5
         Whip              |       |    19 ||    19
  Throw: Javelin           |       |     2 ||     2
         Dart              |       |     1 ||     1
   Cast: Magic Dart        |    57 |   126 ||   183
         Poisonous Vapours |       |    11 ||    11
  Evoke: Wand              |     1 |       ||     1
    Use: Scroll            |     3 |     9 ||    12
         Potion            |     4 |     6 ||    10
   Stab: Sleeping          |     6 |     1 ||     7
 Armour: Leather armour    |    19 |    12 ||    31
         Skin              |     5 |       ||     5
  Dodge: Dodged            |    71 |    58 ||   129

Table legend: (Time is in decaauts)
 A = Elapsed time spent in this place.
 B = Non-inter-level travel time spent in this place.
 C = Inter-level travel time spent in this place.
 D = Time resting spent in this place.
 E = Time spent auto-exploring this place.
 F = Levels seen in this place.
 G = Mean time per level.
                   A        B        C        D        E       F      G
               +--------+--------+--------+--------+--------+-----+--------+
         Total |   5030 |   4751 |    279 |    736 |   2995 |   6 |  838.3 |
       Dungeon |   5030 |   4751 |    279 |    736 |   2995 |   6 |  838.3 |
               +--------+--------+--------+--------+--------+-----+--------+

Top non-repeatable levels by time:
     D:3: 1315 daAuts
     D:2: 1243 daAuts
     D:4: 1029 daAuts
     D:1: 844 daAuts
     D:6: 311 daAuts
     D:5: 286 daAuts
